 Dungeon Crawl Stone Soup version 0.31-a0-182-gc5ef74bbde (webtiles) character file.

Game seed: 11467121329834667556

159 qw the Shooter (level 5, 0/49 HPs)
             Began as a Naga Hunter on June 20, 2023.
             Slain by a black bear (8 damage)
             ... on level 4 of the Dungeon.
             The game lasted 00:00:51 (2893 turns).

qw the Shooter (Naga Hunter)                        Turns: 2893, Time: 00:00:52

Health: 0/49       AC:  4    Str: 13    XL:     5   Next: 40%
Magic:  5/5        EV:  9    Int:  9    God:
Gold:   139        SH:  0    Dex: 17    Spells: 4/4 levels left

rFire   . . .        Y - +0 shortbow
rCold   . . .        (shield currently unavailable)
rNeg    . . .        c - +0 leather armour
rPois   +            a - +0 helmet
rElec   .            (no cloak)
rCorr   .            (no gloves)
SInv    +            (no barding)
Will    .....        (no amulet)
Stlth   ++           (no ring)
HPRegen 0.28/turn    (no ring)
MPRegen 0.09/turn

%: no passive effects
@: short of breath, very slow
A: AC +1, large, see invisible, deformed body, poison resistance, slowness 2,
spit poison 1, naga tail 1
a: Spit Poison


You were on level 4 of the Dungeon.
You visited 1 branch of the dungeon, and saw 4 of its levels.

You collected 139 gold pieces.


Innate Abilities, Weirdness & Mutations

Your serpentine skin is tough. (AC +1)
You have supernaturally acute eyesight. (SInv)
Armour fits poorly on your strangely shaped body.
Your system is resistant to poisons. (rPois)
You cover ground very slowly.
You can spit poison.
You have a snake-like lower body.


   Skills:
 - Level 3.0 Fighting
 + Level 5.5 Ranged Weapons
 - Level 1.5 Dodging
 - Level 1.5 Stealth


You had 4 spell levels left.
You didn't know any spells.
Your spell library was empty.

Inventory:

Hand Weapons
 Y - a +0 shortbow (weapon)
Armour
 a - a +0 helmet (worn)
 c - a +0 leather armour (worn)
Scrolls
 b - a scroll of fog {unknown}
 i - a scroll of fear {unknown}
Potions
 d - a potion of berserk rage {unknown}
 e - a potion of degeneration {unknown}
 f - 2 potions of curing
 g - a potion of brilliance {unknown}
 h - a potion of attraction {unknown}

Dungeon Overview and Level Annotations

Branches:
Dungeon (4/15)
 Temple: D:4-7

Altars:


Message History

The arrow hits the black bear but does no damage.
The black bear is moderately wounded.
The black bear bites you.
The black bear claws you but does no damage.
The black bear closely misses you.
You shoot an arrow.
The arrow hits the black bear but does no damage.
The black bear is moderately wounded.
The black bear looks more healthy.
The black bear bites you but does no damage.
The black bear closely misses you. The black bear claws you.
You shoot an arrow.
The arrow closely misses the black bear.
The black bear bites you. The black bear claws you.
The black bear claws you but does no damage.
You shoot an arrow. The arrow hits the black bear.
The black bear is heavily wounded.
You have got your breath back.
The black bear bites you but does no damage.
The black bear completely misses you.
The black bear claws you but does no damage.
2891 ||| INVOKING Spit Poison.
Aiming: Spit Poison (1% risk of failure)
Press: ? - help, Shift-Dir - straight line, f/p - black bear The splash of poison misses the black bear.
The black bear bites you. The black bear barely misses you.
The black bear claws you.
You shoot an arrow.
The arrow hits the black bear but does no damage.
The black bear is heavily wounded.
The black bear bites you! The black bear claws you.
The black bear claws you but does no damage.
The black bear completely misses you.
The black bear claws you but does no damage.
The black bear claws you.
You shoot an arrow.
The arrow hits the black bear but does no damage.
The black bear is heavily wounded.
The black bear bites you!
You die...

#.###### ########## #.#
.........# #.#
.........# #.######
.........# #:#.....
.........# #.#.####
..[.....>########.#.#...
.........'.............>
.......@.########.#.#.#.
...$....h# #.#.#.#.
........... #.#.#.#.
....#........ #.#.#.#.
... #.......... #.#+#.#.
.. ########### #.....#.
# #....... #....##.
#.#+#...


You could see a black bear.

Vanquished Creatures
  2 orc wizards (D:3)
  Robin (D:3)
  An adder (D:2)
  An ufetubus (D:4)
  2 worms (D:2)
  10 orcs (D:3)
  5 bats
  6 endoplasms
  A giant cockroach (D:3)
  9 goblins
  9 hobgoblins
  4 jackals (D:1)
  A quokka (D:2)
  4 ball pythons
  4 frilled lizards
  2 kobolds
  4 rats
66 creatures vanquished.

Notes
Turn   | Place    | Note
-------+----------+-------------------------------------------
     0 | D:1      | qw the Naga Hunter began the quest for the Orb.
     0 | D:1      | Reached XP level 1. HP: 19/19 MP: 1/1
     0 | D:1      | 0 ||| qw: Version: 0.3-a-9-g12657ce
     0 | D:1      | 0 ||| qw: Game counter: 1230
     0 | D:1      | 0 ||| qw: Always use a shield: true
     0 | D:1      | 0 ||| qw: God list: Okawaru
     0 | D:1      | 0 ||| qw: Allow faded altars: false
     0 | D:1      | 0 ||| qw: Do Orc after D:15 true
     0 | D:1      | 0 ||| qw: Do second Lair branch before Depths: true
     0 | D:1      | 0 ||| qw: Lair rune preference: random
     0 | D:1      | 0 ||| qw: Plans: Normal
     0 | D:1      | 0 ||| PLANNING D:1-11
   203 | D:1      | 203 ||| INVOKING Spit Poison.
   206 | D:1      | 206 ||| INVOKING Spit Poison.
   212 | D:1      | 212 ||| INVOKING Spit Poison.
   461 | D:1      | Reached skill level 4 in Ranged Weapons
   461 | D:1      | Reached XP level 2. HP: 26/26 MP: 2/2
   461 | D:1      | 461 ||| INVOKING Spit Poison.
   488 | D:1      | 488 ||| INVOKING Spit Poison.
   512 | D:1      | 512 ||| INVOKING Spit Poison.
   548 | D:1      | 548 ||| INVOKING Spit Poison.
   581 | D:1      | 581 ||| INVOKING Spit Poison.
   644 | D:1      | 644 ||| INVOKING Spit Poison.
   754 | D:1      | 754 ||| INVOKING Spit Poison.
   759 | D:1      | 759 ||| INVOKING Spit Poison.
   764 | D:1      | 764 ||| INVOKING Spit Poison.
   765 | D:1      | 765 ||| INVOKING Spit Poison.
   768 | D:1      | Reached XP level 3. HP: 26/32 MP: 3/3
   851 | D:1      | 851 ||| READING scroll labelled KUOSTR WAOZA.
   852 | D:1      | 852 ||| DROPPING scroll of butterflies.
   880 | D:2      | 880 ||| INVOKING Spit Poison.
   883 | D:2      | 883 ||| INVOKING Spit Poison.
   918 | D:2      | 918 ||| INVOKING Spit Poison.
   962 | D:2      | 962 ||| INVOKING Spit Poison.
  1019 | D:2      | 1019 ||| INVOKING Spit Poison.
  1023 | D:2      | 1023 ||| INVOKING Spit Poison.
  1096 | D:2      | 1096 ||| INVOKING Spit Poison.
  1100 | D:2      | 1100 ||| INVOKING Spit Poison.
  1154 | D:2      | 1154 ||| INVOKING Spit Poison.
  1178 | D:2      | 1178 ||| INVOKING Spit Poison.
  1181 | D:2      | 1181 ||| INVOKING Spit Poison.
  1271 | D:2      | 1271 ||| INVOKING Spit Poison.
  1358 | D:2      | 1358 ||| INVOKING Spit Poison.
  1362 | D:2      | 1362 ||| INVOKING Spit Poison.
  1366 | D:2      | 1366 ||| INVOKING Spit Poison.
  1372 | D:2      | 1372 ||| INVOKING Spit Poison.
  1571 | D:2      | 1571 ||| UPGRADING to +0 helmet.
  1576 | D:2      | 1576 ||| READING 2 scrolls labelled YRUOLI RESKO.
  1577 | D:2      | 1577 ||| READING scroll labelled UXKUGITTOY.
  1578 | D:2      | 1578 ||| DROPPING scroll of noise.
  1591 | D:3      | 1591 ||| INVOKING Spit Poison.
  1592 | D:3      | Reached skill level 5 in Ranged Weapons
  1592 | D:3      | Reached XP level 4. HP: 39/39 MP: 4/4
  1601 | D:3      | 1601 ||| INVOKING Spit Poison.
  1604 | D:3      | 1604 ||| INVOKING Spit Poison.
  1607 | D:3      | 1607 ||| INVOKING Spit Poison.
  1613 | D:3      | 1613 ||| INVOKING Spit Poison.
  1723 | D:3      | 1723 ||| INVOKING Spit Poison.
  1860 | D:3      | 1860 ||| INVOKING Spit Poison.
  1862 | D:3      | 1862 ||| Stepping ~*~*~tactically~*~*~ (outnumbered).
  1864 | D:3      | 1864 ||| INVOKING Spit Poison.
  1869 | D:3      | 1869 ||| INVOKING Spit Poison.
  1964 | D:3      | 1964 ||| INVOKING Spit Poison.
  1965 | D:3      | Reached skill level 3 in Fighting
  1968 | D:3      | 1968 ||| INVOKING Spit Poison.
  1974 | D:3      | Reached XP level 5. HP: 46/49 MP: 5/5
  1975 | D:3      | 1975 ||| INVOKING Spit Poison.
  1978 | D:3      | 1978 ||| INVOKING Spit Poison.
  2132 | D:3      | 2132 ||| INVOKING Spit Poison.
  2161 | D:3      | 2161 ||| INVOKING Spit Poison.
  2398 | D:3      | Noticed Robin
  2399 | D:3      | 2399 ||| INVOKING Spit Poison.
  2400 | D:3      | 2400 ||| Stepping ~*~*~tactically~*~*~ (outnumbered).
  2405 | D:3      | 2405 ||| INVOKING Spit Poison.
  2411 | D:3      | 2411 ||| INVOKING Spit Poison.
  2413 | D:3      | Killed Robin
  2415 | D:3      | 2415 ||| INVOKING Spit Poison.
  2419 | D:3      | 2419 ||| INVOKING Spit Poison.
  2599 | D:3      | 2599 ||| READING scroll labelled JISTRO OSUE.
  2600 | D:3      | 2600 ||| DRINKING 3 pink potions.
  2663 | D:4      | 2663 ||| INVOKING Spit Poison.
  2703 | D:4      | 2703 ||| INVOKING Spit Poison.
  2880 | D:4      | Noticed a black bear
  2881 | D:4      | 2881 ||| INVOKING Spit Poison.
  2885 | D:4      | 2885 ||| INVOKING Spit Poison.
  2891 | D:4      | 2891 ||| INVOKING Spit Poison.
  2892 | D:4      | HP: 10/49 [black bear (7)]
  2893 | D:4      | Slain by a black bear

Levels and vault maps discovered:
D:1:      kennysheep_arrival_forest, layout_loops_corners
D:2:      layout_loops_ring
D:3:      layout_basic, uniq_robin
D:4:      layout_basic, minmay_misc_feat_iff, minivault_5

Skill      XL: |  1  2  3  4 |
---------------+-------------+-----
Ranged Weapons | 4 5 |  5.5
Fighting       | 3 |  3.0
Dodging        | |  1.5
Stealth        | |  1.5

Action                     |  1- 3 |  4- 6 || total
---------------------------+-------+-------++-------
   Fire: Shortbow          |    74 |    63 ||   137
Ability: Spit Poison       |    29 |    24 ||    53
    Use: Scroll            |     3 |     1 ||     4
         Potion            |       |     1 ||     1
 Armour: Leather armour    |     7 |    27 ||    34
  Dodge: Dodged            |    15 |    31 ||    46

Table legend:
 A = Non-vault XP
 B = Vault XP
 C = Vault XP percentage of total XP
 D = Non-vault monster count
 E = Vault monster count
 F = Vault count percentage of total count
                 A         B        C        D         E       F
            +---------+---------+-------+---------+---------+-------
      Total |     201 |      27 |  11.8 |      59 |       7 |  10.6
            +---------+---------+-------+---------+---------+-------
        D:1 |      34 |       0 |   0.0 |      20 |       0 |   0.0
        D:2 |      46 |       0 |   0.0 |      18 |       0 |   0.0
        D:3 |     109 |      27 |  19.9 |      18 |       7 |  28.0
        D:4 |      12 |       0 |   0.0 |       3 |       0 |   0.0
            +---------+---------+-------+---------+---------+-------
